 Dungeon Crawl Stone Soup version 0.31-a0-1300-gb6740aa4e6 (webtiles) character file.

Game seed: 5358776192331451982

429 Chimkentus the Sneak (level 6, 0/28 HPs)
             Began as a Felid Venom Mage on Dec 18, 2023.
             Slain by Prince Ribbit (18 damage)
             ... on level 6 of the Dungeon on Dec 19, 2023.
             The game lasted 00:22:11 (3412 turns).

Chimkentus the Sneak (Felid Venom Mage)             Turns: 3412, Time: 00:22:13

Health: 0/28       AC:  2    Str: 10    XL:     6   Next: 66%
Magic:  5/11       EV: 18    Int: 20    God:
Gold:   165        SH:  0    Dex: 17    Spells: 2/11 levels left
                                        Lives:  0   Deaths: 2

rFire   . .          .
                       - Unarmed
rCold   . . .        (shield unavailable)
rNeg    . . .        (body armour unavailable)
rPois   .            (helmet unavailable)
rElec   .            (cloak unavailable)
rCorr   .            (gloves unavailable)
SInv    +            (boots unavailable)
Will    .....        b - amulet of magic regeneration
Stlth   +++          f - +6 ring of strength
HPRegen 0.24/turn    (no ring)
MPRegen 0.52/turn

%: no passive effects
@: very slightly contaminated
A: very small, claws 1, fangs 3, see invisible, shaggy fur 2, stealthy paws, no
weapons or thrown items, no armour, multi-lived
a: no special abilities


You were on level 6 of the Dungeon.
You visited 1 branch of the dungeon, and saw 5 of its levels.

You collected 165 gold pieces.

Inventory:

Jewellery
 b - an amulet of magic regeneration (around neck)
 f - a +6 ring of strength (left paw)
 m - an amulet of guardian spirit
Wands
 i - a wand of flame (47)
Scrolls
 c - 3 scrolls of identify {unknown}
 e - a scroll of enchant weapon {unknown}
 g - a scroll of enchant armour {unknown}
 h - 2 scrolls of vulnerability {unknown}
 n - a scroll of fog {unknown}
 p - a scroll of poison {unknown}
Potions
 a - a potion of magic
 d - a potion of haste
 j - a potion of curing {unknown}
 k - a potion of cancellation {unknown}
 l - 4 potions of lignification {unknown}
 o - a potion of might {unknown}


   Skills:
 + Level 0.1 Fighting
 + Level 3.3 Dodging
 + Level 4.1 Stealth
 + Level 1.7 Unarmed Combat
 + Level 3.2 Spellcasting
 * Level 2.1 Conjurations
 + Level 1.8 Necromancy
 + Level 2.9 Transmutations
 * Level 3.8 Poison Magic


You had 2 spell levels left.
You knew the following spells:

 Your Spells              Type           Power      Damage    Failure   Level
a - Sting                 Tmut/Pois      64%        1d6       3%          1
b - Mephitic Cloud        Conj/Pois/Air  11%        N/A       19%         3
c - Olgreb's Toxic Radia  Pois           18%        N/A       28%         4
d - Necrotise             Necr           40%        1d6       7%          1

Your spell library contained the following spells:

 Spells                   Type           Power      Damage    Failure   Level
 Poisonous Vapours        Pois/Air       20%        N/A       10%         2
 Vampiric Draining        Necr           10%        2d6       21%         3
 Agony                    Necr           10%        N/A       88%         5


Dungeon Overview and Level Annotations

Branches:
Dungeon (4/15)
 Temple: D:4-7

Altars:
Cheibriados
Dithmenos
Makhleb
Vehumet
Wu Jian
Yredelemnul

Annotations:
D:6 Prince Ribbit


Innate Abilities, Weirdness & Mutations

You have sharp claws.
You have razor-sharp teeth.
You have supernaturally acute eyesight. (SInv)
You are covered in thick fur. (AC +2)
Your paws help you pounce on unaware monsters.
You are incapable of wielding weapons or throwing items.
You cannot wear armour.
You gain extra lives every three experience levels.


Message History

Aiming: Mephitic Cloud (quite dangerous; 19% risk of failure)
Press: ? - help, Shift-Dir - straight line, f/p - Prince Ribbit
Aim: Prince Ribbit (wandering, hasn't noticed you, chance to affect: 72%)
You miscast Mephitic Cloud.
You are very lightly contaminated with residual magic.
You feel odd!
You are poisoned.
Prince Ribbit gives a loud, deep croak!
You feel sick.
Casting: Mephitic Cloud (quite dangerous; 19% risk of failure)
Confirm with . or Enter, or press ? or * to list all spells.
Aiming: Mephitic Cloud (quite dangerous; 19% risk of failure)
Press: ? - help, Shift-Dir - straight line, f/p - Prince Ribbit
Aim: Prince Ribbit (chance to affect: 72%)
The ball explodes into a vile cloud!
The stinking cloud engulfs Prince Ribbit but does no damage.
You feel sick.
Prince Ribbit is engulfed in noxious fumes.
Prince Ribbit appears confused.
You pounce on the helpless Prince Ribbit from behind!
You claw Prince Ribbit!
Prince Ribbit is lightly wounded.
You feel sick. Prince Ribbit barely misses you.
Casting: Mephitic Cloud (quite dangerous; 19% risk of failure)
Confirm with . or Enter, or press ? or * to list all spells.
Aiming: Sting (safe; 3% risk of failure)
Press: ? - help, Shift-Dir - straight line, f/p - Prince Ribbit
Aim: Prince Ribbit (lightly wounded, confused, 81% to hit)
The sting hits Prince Ribbit.
Prince Ribbit is poisoned.
Prince Ribbit is moderately wounded.
You feel sick.
You are no longer poisoned.
Casting: Sting (safe; 3% risk of failure)
Confirm with . or Enter, or press ? or * to list all spells.
Aiming: Necrotise (safe; 7% risk of failure)
Press: ? - help, Shift-Dir - straight line, f/p - Prince Ribbit
Aim: Prince Ribbit (moderately wounded, confused, poisoned, chance to affect: 46%) Prince Ribbit resists with some effort.
Prince Ribbit hits you!!
Ouch! That really hurt!
You die...

#....######....#######.########
###.#####
#..........(.#........
........#
#...........###.######
#######.# #........###.#.## #.#
##....##.# ##.## #.# #...°##.#
### #.# #..°°°..# #.#
##..○.#### #.# ##.#..@########
#######.# #.###F...>....#
........# ##.#.....####.#
##.####.# #..###.....#
#.####.####.## #.###.#
#.#.........# #.# #
#.#.##.####.# #.# #.#.##.# #.#
#.. #.#.##.# #.. )..


You could see Prince Ribbit (confused, poisoned).

Vanquished Creatures
  2 scorpions
  2 jellies (D:4)
  2 hounds (D:4)
  An orc wizard (D:3)
  3 adders (D:2)
  A worm (D:2)
  2 dart slugs
  8 orcs
  12 bats
  2 endoplasms
  3 giant cockroaches
  A goblin (D:3)
  4 hobgoblins
  5 jackals (D:1)
  4 quokkas
  5 ball pythons
  3 frilled lizards
  7 kobolds
  5 rats
72 creatures vanquished.

Vanquished Creatures (others)
  2 electric eels (D:6)
2 creatures vanquished.

Grand Total: 74 creatures vanquished

Notes
Turn   | Place    | Note
-------+----------+-------------------------------------------
     0 | D:1      | Chimkentus the Felid Venom Mage began the quest for the
                  | Orb.
     0 | D:1      | Reached XP level 1. HP: 9/9 MP: 4/4
    69 | D:1      | Reached skill level 3 in Stealth
   241 | D:1      | Reached XP level 2. HP: 13/13 MP: 4/6
   562 | D:1      | Reached skill level 1 in Unarmed Combat
   572 | D:1      | Reached XP level 3. HP: 16/16 MP: 4/7
   632 | D:1      | Learned a level 3 spell: Mephitic Cloud
  1328 | D:2      | Reached XP level 4. HP: 21/21 MP: 6/8
  1539 | D:2      | Learned a level 4 spell: Olgreb's Toxic Radiance
  1692 | D:3      | Found a basalt altar of Yredelemnul.
  1697 | D:3      | Found a radiant altar of Vehumet.
  1697 | D:3      | Found a snail-covered altar of Cheibriados.
  1699 | D:3      | Found a shadowy altar of Dithmenos.
  1981 | D:3      | Found a faded altar of an unknown god.
  2137 | D:3      | Reached skill level 4 in Stealth
  2373 | D:4      | Noticed a scorpion
  2373 | D:4      | Noticed an ogre
  2400 | D:4      | Reached XP level 5. HP: 22/24 MP: 8/10
  2402 | D:4      | Learned a level 1 spell: Necrotise
  2523 | D:4      | Splashed by a jelly's acid
  2540 | D:4      | Reached skill level 1 in Conjurations
  2709 | D:4      | Reached skill level 1 in Necromancy
  2829 | D:4      | Found a burning altar of Makhleb.
  2871 | D:4      | Noticed an ogre
  2873 | D:4      | Noticed an ogre
  2884 | D:4      | Gained mutation: You are covered in thick fur. (AC +2)
                  | [Felid growth]
  2884 | D:4      | Reached XP level 6. HP: 19/28 MP: 9/11
  2916 | D:4      | You fall into a shaft and drop 2 floors!
  3001 | D:6      | Found a transporter.
  3001 | D:6      | Found a transporter.
  3040 | D:6      | Found an ornate altar of the Wu Jian Council.
  3309 | D:6      | Noticed Prince Ribbit
  3325 | D:6      | Slain by Prince Ribbit
  3412 | D:6      | Slain by Prince Ribbit

Illustrated notes

Levels and vault maps discovered:
D:1:      roderic_octagonal_star, layout_basic, grunt_decor_arrowhead,
          minmay_unequal
D:2:      layout_basic
D:3:      layout_loops_ring, chequers_temple_overflow_statue_of_worship,
          shapermc_ecumenical_altar_mp_vishouse
D:4:      layout_basic, overflow_temple_1_default,
          minmay_fractal_squares_diagonal_5
D:6:      gammafunk_steamed_eel, layout_loops_ring,
          nicolae_overflow_hidden_temple, amcnicky_altar_gilded,
          uniq_blork_the_orc, uniq_prince_ribbit1

Skill      XL: |  1  2  3  4  5  6 |
---------------+-------------------+-----
Stealth        | 3 4 |  4.1
Dodging        | 3 |  3.3
Unarmed Combat | 1 |  1.7
Transmutations | 2 |  2.9
Poison Magic   | 3 |  3.8
Spellcasting   | 3 |  3.2
Conjurations   | 1 2 |  2.1
Necromancy     | 1 |  1.8
Fighting       | |  0.1

Action                     |  1- 3 |  4- 6 || total
---------------------------+-------+-------++-------
  Melee: Unarmed           |    28 |    21 ||    49
         Bite              |     1 |     2 ||     3
   Cast: Sting             |    46 |    61 ||   107
         Necrotise         |       |    34 ||    34
         Mephitic Cloud    |       |     2 ||     2
  Evoke: Wand              |       |     1 ||     1
    Use: Potion            |       |     2 ||     2
   Stab: Sleeping          |     9 |     5 ||    14
         Confused          |       |     2 ||     2
 Armour: Skin              |     9 |    34 ||    43
  Dodge: Dodged            |    32 |    54 ||    86

Table legend: (Time is in decaauts)
 A = Elapsed time spent in this place.
 B = Non-inter-level travel time spent in this place.
 C = Inter-level travel time spent in this place.
 D = Time resting spent in this place.
 E = Time spent auto-exploring this place.
 F = Levels seen in this place.
 G = Mean time per level.
                   A        B        C        D        E       F      G
               +--------+--------+--------+--------+--------+-----+--------+
         Total |   3396 |   3284 |    112 |    107 |   2185 |   5 |  679.2 |
       Dungeon |   3396 |   3284 |    112 |    107 |   2185 |   5 |  679.2 |
               +--------+--------+--------+--------+--------+-----+--------+

Top non-repeatable levels by time:
     D:2: 906 daAuts
     D:3: 852 daAuts
     D:1: 632 daAuts
     D:4: 507 daAuts
     D:6: 498 daAuts
